 Dungeon Crawl Stone Soup version 0.22.1-2-g9c5b331 (webtiles) character file.

96 magicm the Shooter (level 4, -5/34 HPs)
             Began as a Demonspawn Hunter on Nov 16, 2018.
             Killed by divine providence
             ... invoked by an orc priest
             ... summoned by Xom
              (9 damage)
             ... on level 3 of the Dungeon.
             The game lasted 00:09:11 (2232 turns).

magicm the Shooter (Demonspawn Hunter)              Turns: 2232, Time: 00:09:11

Health: -5/34      AC: 10    Str: 13    XL:     4   Next: 41%
Magic:  0/4        EV: 11    Int: 13    God:    Xom [*.....]
Gold:   147        SH:  0    Dex: 13    Spells: 3/3 levels left

rFire    . . .     SeeInvis .   b - +0 short sword
rCold    . . .     Gourm    .   (no shield)
rNeg     . . .     Faith    .   j - +0 ring mail
rPois    .         Spirit   +   (no helmet)
rElec    .         Reflect  .   m - +2 cloak
rCorr    .         Harm     .   (no gloves)
MR       .....                  (no boots)
Stlth    +.........             h - amulet of guardian spirit
HPRegen  0.11/turn              (no ring)
MPRegen  0.09/turn              (no ring)

@: lethally poisoned (-5 -> -6), flying
A: claws 1, yellow scales 1
a: Renounce Religion


You were on level 3 of the Dungeon.
You worshipped Xom.
You were a special plaything of Xom.
You were not hungry.

You visited 1 branch of the dungeon, and saw 3 of its levels.

You collected 147 gold pieces.

Inventory:

Hand Weapons
 a - a +1 shortbow
 b - a +0 short sword (weapon)
 n - a +2 mace of crushing
Missiles
 d - 14 arrows
Armour
 j - a +0 ring mail (worn)
 m - a +2 cloak (worn)
Jewellery
 c - a +3 ring of dexterity {unknown}
 h - an amulet of guardian spirit (around neck)
 k - an uncursed ring of stealth {unknown}
Scrolls
 i - a scroll of teleportation
 l - 2 scrolls of fear
Potions
 g - 2 potions of flight
Comestibles
 f - a ration


   Skills:
 + Level 2.4 Fighting
 + Level 0.9 Short Blades
 + Level 4.8 Bows
 + Level 0.3 Armour
 + Level 1.9 Dodging
 + Level 1.2 Stealth


You had 3 spell levels left.
You didn't know any spells.
Your spell library was empty.

Dungeon Overview and Level Annotations

Branches:
Dungeon (3/15)

Altars:
Ashenzari
Xom


Innate Abilities, Weirdness & Mutations

You have sharp fingernails.
You are partially covered in yellow scales. (AC +2)


Message History

You kill the leopard gecko!
The leopard gecko's corpse disappears in a puff of smoke!
The orc priest calls down the wrath of Xom upon you.
Xom smites you!
* * * LOW HITPOINT WARNING * * *
The orc hits you but does no damage.
You hit the orc.
The orc is moderately wounded.
You feel sick. The orc barely misses you.
You hit the orc.
You kill the orc!
The orc's corpse disappears in a puff of smoke!
You hit the orc priest.
The orc priest is moderately wounded.
The orc priest completely misses you.
You hit the orc priest but do no damage.
The orc priest is moderately wounded.
The orc priest calls down the wrath of Xom upon you.
Xom smites you!
You die...

#######
......#
......#
......#
#######....b.#
#<...@o(......
#######......#
......#
......#
......#
......#
......#
#######


You could see an orc priest.

Vanquished Creatures
  Crazy Yiuf (D:2)
  An adder (D:2)
  3 worms
  2 dart slugs (D:1)
  2 leopard geckos
  8 bats
  4 giant cockroaches (D:1)
  4 goblins
  A hobgoblin (D:2)
  A ball python (D:1)
  3 frilled lizards
  13 kobolds
  3 rats
46 creatures vanquished.

Notes
Turn   | Place    | Note
-------+----------+-------------------------------------------
     0 | D:1      | magicm the Demonspawn Hunter began the quest for the Orb.
     0 | D:1      | Reached XP level 1. HP: 16/16 MP: 1/1
   251 | D:1      | Reached skill level 4 in Bows
   256 | D:1      | Gained mutation: You are partially covered in yellow
                  | scales. (AC +2) [demonic ancestry]
   256 | D:1      | Reached XP level 2. HP: 22/22 MP: 2/2
   391 | D:1      | Found a shattered altar of Ashenzari.
  1014 | D:2      | Gained mutation: You have sharp fingernails. [demonic
                  | ancestry]
  1014 | D:2      | Reached XP level 3. HP: 28/28 MP: 3/3
  1423 | D:2      | Reached skill level 1 in Stealth
  1516 | D:2      | Found a faded altar of an unknown god.
  1521 | D:2      | Became a worshipper of Xom the Tricky
  1812 | D:2      | XOM: harmless Erth miscast
  1819 | D:2      | Found a runed door.
  1894 | D:2      | Noticed Crazy Yiuf
  1903 | D:2      | Killed Crazy Yiuf
  1903 | D:2      | Reached XP level 4. HP: 34/34 MP: 2/4
  2152 | D:3      | XOM: noise
  2193 | D:3      | XOM: summons 2 hostile shadow creatures
  2199 | D:3      | HP: 1/34 [orc priest/divine providence[Xom] (11)]
  2214 | D:3      | XOM: butterfly on damage
  2232 | D:3      | Killed from afar by an orc priest

Skill      XL: |  1  2  3 |
---------------+----------+-----
Bows           | 4 |  4.8
Stealth        | 1 |  1.2
Fighting       | |  2.4
Short Blades   | |  0.9
Armour         | |  0.3
Dodging        | |  1.9

Action                   |  1- 3 |  4- 6 || total
-------------------------+-------+-------++-------
Melee: Short sword       |    58 |    67 ||   125
 Fire: Shortbow          |    72 |       ||    72
  Use: Scroll            |     3 |       ||     3
       Potion            |       |     3 ||     3
  Eat: Ration            |     1 |     1 ||     2
Armor: Leather armour    |    11 |       ||    11
       Ring mail         |     5 |    38 ||    43
Dodge: Dodged            |    50 |    59 ||   109
